 Dungeon Crawl Stone Soup version 0.32-a0-909-gc671339a80 (webtiles) character file.

Game seed: 9601532072405411303

834 hofbold the Trooper (level 7, 0/56 HPs)
             Began as a Coglin Fighter on Apr 7, 2024.
             Killed by nerve-wracking pain
             ... invoked by an orc priest
              (12 damage)
             ... on level 5 of the Dungeon.
             The game lasted 00:08:34 (4034 turns).

hofbold the Trooper (Coglin Fighter)                Turns: 4034, Time: 00:08:35

Health: 0/56       AC:  9    Str: 18    XL:     7   Next: 98%
Magic:  7/7        EV:  9    Int:  8    God:
Gold:   142        SH:  0    Dex: 13    Spells: 6/6 levels left

rFire   . . .        a - +0 trident {Theodoric}
rCold   . . .        l - +0 trident {Lin}
rNeg    . . .        b - +0 scale mail
rPois   .            (helmet restricted)
rElec   .            (no cloak)
rCorr   .            (no gloves)
SInv    .            (no boots)
Will    .....        (amulet unavailable) Stlth
                     (ring unavailable)
HPRegen 0.29/turn    (ring unavailable)
MPRegen 0.10/turn    (no gizmo)

%: no passive effects
@: no status effects
A: off-hand wielding, slow wielding, warmup strikes, no jewellery, horns 1,
iridescent scales 1, inability to read after injury 1
a: Invent Gizmo, Convert to Beogh


You were on level 5 of the Dungeon.
You visited 2 branches of the dungeon, and saw 6 of its levels.
You also visited: Sewer.

You collected 142 gold pieces.

Inventory:

Hand Weapons
 a - a +0 trident (weapon) {Theodoric}
 l - a +0 trident (offhand) {Lin}
Missiles
 r - a boomerang (quivered)
 t - 6 javelins
Armour
 b - a +0 scale mail (worn)
 k - a +0 helmet
Wands
 i - a wand of flame (18)
 p - a wand of charming (5)
Scrolls
 d - a scroll of revelation {unknown}
 g - a scroll of identify
 h - a scroll of immolation {unknown}
 j - 2 scrolls of enchant weapon {unknown}
 m - a scroll of enchant armour {unknown}
 o - a scroll of amnesia {unknown}
 q - a scroll of fear {unknown}
 s - a scroll of teleportation
 w - a scroll of summoning {unknown}
 y - a scroll of fog {unknown}
Potions
 c - a potion of magic {unknown}
 e - a potion of curing {unknown}
 f - a potion of heal wounds {unknown}
 n - 3 potions of haste {unknown}
 u - 3 potions of cancellation {unknown}
 v - a potion of invisibility {unknown}
 x - a potion of resistance {unknown}


   Skills:
 * Level 5.5 Fighting
 * Level 4.7 Polearms
 + Level 4.0 Armour
 + Level 2.7 Dodging
 - Level 2.1 Shields
 + Level 3.2 Evocations


You had 6 spell levels left.
You didn't know any spells.
Your spell library contained the following spells:

 Spells                   Type           Power      Damage    Failure   Level
 Fugue of the Fallen      Necr           0%         N/A       98%         3
 Ozocubu's Armour         Ice            0%         N/A       98%         3
 Manifold Assault         Tloc           0%         N/A       100%        7


Dungeon Overview and Level Annotations

Branches:
Dungeon (5/15)             Temple (1/1) D:4           Sewer (visited)

Altars:
Ashenzari
Cheibriados
Dithmenos
Fedhas
Gozag
Hepliaklqana
Kikubaaqudgha
Makhleb
Nemelex Xobeh
Okawaru
Qazlal
Ru
Sif Muna
Uskayaw
Vehumet
Wu Jian
Xom
Yredelemnul
Zin
The Shining One

Annotations:
D:2 Sigmund


Innate Abilities, Weirdness & Mutations

You can wield a second weapon in your off-hand.
It takes a long time for you to wield or remove held weapons.
Your first few attacks do less damage.
You cannot equip rings or amulets.
You have a pair of small horns on your head.
You are partially covered in iridescent scales. (AC +2)
You occasionally lose the ability to read scrolls when taking damage.


Message History

a +0 trident; an orc skeleton Throw: boomerang
Press: ? - help, Q - select action, (/) - cycle Shift-Dir - straight line, f - orc priest
Aim: an orc priest, wielding a +0 short sword (56% to hit)
You throw a boomerang. The boomerang hits the orc priest.
The orc priest is lightly wounded.
The orc priest invokes the aid of Beogh against you.
Beogh smites you!
The orc priest calls down the wrath of Beogh upon you.
Beogh smites you!
Throw: boomerang
Press: ? - help, Q - select action, (/) - cycle Shift-Dir - straight line, f/p - orc priest
Aim: an orc priest, wielding a +0 short sword (lightly wounded, 56% to hit)
You throw a boomerang.
The boomerang closely misses the orc priest.
Throw: boomerang
Press: ? - help, Q - select action, (/) - cycle Shift-Dir - straight line, f/p - orc priest
Aim: an orc priest, wielding a +0 short sword (lightly wounded, 56% to hit)
You throw a boomerang.
The boomerang hits the orc priest but does no damage.
The orc priest shouts, "The Pantheon deserves no one's loyalty.
Let us show you the true path!"
The orc priest is lightly wounded.
Throw: boomerang
Press: ? - help, Q - select action, (/) - cycle Shift-Dir - straight line, f/p - orc priest
Aim: an orc priest, wielding a +0 short sword (lightly wounded, 56% to hit)
You throw a boomerang.
The boomerang closely misses the orc priest.
The orc priest mumbles some strange prayers to Beogh against you.
Beogh smites you!
The orc priest invokes the aid of Beogh against you.
Beogh smites you!
* * * LOW HITPOINT WARNING * * *
Throw: boomerang
Press: ? - help, Q - select action, (/) - cycle Shift-Dir - straight line, f/p - orc priest
Aim: an orc priest, wielding a +0 short sword (lightly wounded, 56% to hit)
You throw a boomerang.
The boomerang barely misses the orc priest.
The orc priest invokes the aid of Beogh against you.
Pain shoots through your body!
You die...

#............
#....<.......
#............
#............
#..o.........
#............
+............
#............
#@....#######
#.....#
#.....#
#.....#
#.)...#
#.....#
#...<.#
#######


You could see an orc priest.

Vanquished Creatures
  An ice beast (D:3)
  Pargi (Sewer)
  A brain worm (Sewer)
  2 scorpions (D:4)
  A vampire bat (D:3)
  A hound (D:4)
  A bombardier beetle (D:4)
  An orc priest (D:5)
  A jelly (D:3)
  An iguana (D:4)
  An orc wizard (D:4)
  Robin (D:2)
  4 adders
  A shadow imp (D:5)
  4 dart slugs
  3 fire bats (D:3)
  2 ribbon worms (D:4)
  13 orcs
  2 spectral bats (D:3)
  3 bat skeletons (D:3)
  A bat zombie (D:3)
  2 endoplasms (D:1)
  A giant cockroach (D:3)
  14 goblins
  7 hobgoblins
  3 jackals (D:1)
  6 kobolds
  3 quokkas
  15 ball pythons
  14 bats
  A bat simulacrum (D:3)
  11 frilled lizards
  9 rats
132 creatures vanquished.

Notes
Turn   | Place    | Note
-------+----------+-------------------------------------------
     0 | D:1      | hofbold the Coglin Fighter began the quest for the Orb.
     0 | D:1      | Reached XP level 1. HP: 18/18 MP: 1/1
    50 | D:1      | Reached XP level 2. HP: 3/24 MP: 2/2
   296 | D:1      | Reached XP level 3. HP: 29/29 MP: 3/3
  1076 | D:2      | Noticed Sigmund
  1092 | D:2      | Reached skill level 1 in Dodging
  1149 | D:2      | Reached XP level 4. HP: 32/35 MP: 4/4
  1258 | D:2      | Noticed Robin
  1320 | D:2      | Killed Robin
  1536 | D:3      | Noticed an ice beast
  1552 | D:3      | Gained mutation: You occasionally lose the ability to read
                  | scrolls when taking damage. [potion of mutation]
  1552 | D:3      | Gained mutation: You have hidden genetic potential. [potion
                  | of mutation]
  1566 | D:3      | Killed an ice beast
  1567 | D:3      | Reached skill level 4 in Fighting
  1567 | D:3      | Reached skill level 1 in Evocations
  1567 | D:3      | Reached XP level 5. HP: 33/42 MP: 5/5
  1575 | D:3      | Gained mutation: You have a pair of small horns on your
                  | head. [hidden potential]
  1664 | D:3      | Found a glowing golden altar of the Shining One.
  1867 | D:3      | Found a broken altar of Ashenzari.
  1998 | D:3      | Found a faded altar of an unknown god.
  2227 | D:3      | Found an iron altar of Okawaru.
  2262 | D:3      | Reached XP level 6. HP: 49/49 MP: 6/6
  2343 | D:3      | Gained mutation: You are partially covered in iridescent
                  | scales. (AC +2) [hidden potential]
  2343 | D:3      | Lost mutation: You have hidden genetic potential. [hidden
                  | potential expressed]
  2691 | D:4      | Found a shimmering altar of Xom.
  2709 | D:4      | Reached XP level 7. HP: 55/55 MP: 7/7
  2716 | D:4      | Found a glowing drain.
  2737 | Sewer    | Entered a sewer
  2763 | Sewer    | Reached skill level 5 in Fighting
  2889 | Sewer    | Noticed Pargi
  2895 | Sewer    | Killed Pargi
  3047 | D:4      | Found a burning altar of Makhleb.
  3051 | D:4      | Found a glowing silver altar of Zin.
  3051 | D:4      | Noticed an angel
  3176 | D:4      | Noticed a cacodemon
  3302 | D:4      | Found a staircase to the Ecumenical Temple.
  3309 | Temple   | Entered the Ecumenical Temple
  3423 | D:4      | Found a shadowy altar of Dithmenos.
  3546 | D:5      | Entered Level 5 of the Dungeon
  4034 | D:5      | Killed from afar by an orc priest

Illustrated notes

Levels and vault maps discovered:
D:1:      lemuel_arrival_behind_the_door_large, layout_basic,
          chequers_big_river, minmay_shallow_snake_nest
D:2:      layout_loops_ring, uniq_sigmund, uniq_robin
D:3:      layout_loops_ring, hellmonk_okawaru_the_only_friend_you_need,
          mainiacjoe_overflow_surrounded_room, nicolae_overflow_crystal_walls,
          shapermc_ecumenical_altar_totnotflames, goddamned_bats
D:4:      layout_rooms, grunt_temple_overflow_order_and_chaos_2,
          nicolae_dithmenos_shadow_blocks, mainiacjoe_overflow_catwalk,
          minmay_temple_entry_purple_smoke, cheibrodos_sewer_entry_bend
D:5:      layout_gridville, kennysheep_generic_room_13, uniq_duvessa
Temple:   oiseaux_autumnal_temple

Skill      XL: |  1  2  3  4  5  6  7 |
---------------+----------------------+-----
Polearms       | 2 3 4 |  4.7
Armour         | 3 4 |  4.0
Dodging        | 1 2 |  2.7
Fighting       | 4 5 |  5.5
Evocations     | 1 2 3 |  3.2
Shields        | |  2.1

Action                     |  1- 3 |  4- 6 |  7- 9 || total
---------------------------+-------+-------+-------++-------
  Melee: Trident           |   152 |   249 |   119 ||   520
         Headbutt          |       |    17 |     8 ||    25
  Throw: Boomerang         |       |       |    18 ||    18
    Use: Potion            |     1 |     1 |       ||     2
         Scroll            |     2 |       |       ||     2
 Armour: Scale mail        |   150 |   145 |    40 ||   335
  Dodge: Dodged            |    90 |    96 |    35 ||   221

Table legend: (Time is in decaauts)
 A = Elapsed time spent in this place.
 B = Non-inter-level travel time spent in this place.
 C = Inter-level travel time spent in this place.
 D = Time resting spent in this place.
 E = Time spent auto-exploring this place.
 F = Levels seen in this place.
 G = Mean time per level.
                   A        B        C        D        E       F      G
               +--------+--------+--------+--------+--------+-----+--------+
         Total |   4144 |   3996 |    148 |    407 |   2635 |   7 |  592.0 |
       Dungeon |   3844 |   3696 |    148 |    407 |   2436 |   5 |  768.8 |
        Temple |      1 |      1 |      0 |      0 |      0 |   1 |    1.0 |
         Sewer |    299 |    299 |      0 |      0 |    199 |   1 |  299.0 |
               +--------+--------+--------+--------+--------+-----+--------+

Top non-repeatable levels by time:
     D:4: 1095 daAuts
     D:3: 1021 daAuts
     D:1: 929 daAuts
     D:2: 650 daAuts
   Sewer: 299 daAuts
     D:5: 147 daAuts
  Temple: 1 daAuts
